Map: Torres Crepusculares

Players

TheZergLord - Winner!

  • Race: Zerg Zerg
  • League: Master

phoenix

  • Race: Zerg Zerg
  • League: Master

VOD

Have the link to the VOD?

Description

Time

  • Played on: May 6, 2016, 7:47 a.m.
  • Length: 12:13
Show
View Real Time Build Order
Export as new Build Order

TheZergLord Zerg - Winner!

Build Orders: Hatch First, Lurkers 

Get SALT Encoding   

  12  0:01  Drone  
  13  0:12  Overlord  
  13  0:17  Drone  
  14  0:32  Drone x2  
  14  0:34  Drone  
  17  0:53  Hatchery  
  17  0:56  Drone  
  17  1:08  Spawning Pool  
  17  1:11  Extractor  
  15  1:14  Drone  
  15  1:17  Drone  
  17  1:21  Drone  
  18  1:30  Drone  
  19  1:41  Overlord  
  19  1:55  Queen  
  19  1:56  Zergling x2  
  19  2:00  Zergling x2  
  23  2:04  Queen  
  23  2:05  Drone  
  26  2:12  Drone, Metabolic Boost  
  27  2:18  Drone  
  28  2:29  Drone x2  
  30  2:44  Hatchery  
  30  2:48  Baneling Nest  
  28  2:57  Zergling x8  
  32  3:04  Overlord  
  31  3:10  Zergling x6  
  34  3:13  Drone  
  34  3:15  Drone  
  36  3:30  Drone x4  
  36  3:32  Overlord  
  39  3:35  Baneling x2  
  39  3:45  Overlord  
  39  3:46  Drone x3  
  42  3:51  Drone x2  
  42  3:54  Drone  
  45  3:59  Queen  
  47  4:04  Overlord  
  47  4:12  Baneling x2  
  46  4:19  Overlord  
  46  4:20  Drone x5  
  46  4:21  Drone  
  47  4:35  Extractor, Roach Warren  
  47  4:37  Drone  
  47  4:38  Zergling x10  
  47  4:39  Zergling x4  
  53  5:02  Overlord  
  53  5:15  Lair  
  53  5:20  Roach  
  53  5:21  Roach x11  
  77  5:22  Roach  
  79  5:30  Drone  
  79  5:31  Evolution Chamber  
  79  5:32  Overlord  
  79  5:39  Roach x3  
  79  5:40  Roach  
  87  5:47  Roach  
  89  5:53  Roach  
  89  5:54  Roach  
  89  5:55  Zergling x2  
  89  5:56  Zergling x8  
  98  5:58  Overlord  
  98  5:59  Overlord  
  98  6:07  Overlord x2  
  86  6:19  Roach x5  
  86  6:23  Drone x3  
  86  6:24  Drone x2  
  96  6:29  Drone  
  96  6:32  Drone x3  
  100  6:35  Glial Reconstitution  
  100  6:38  Drone x3  
  103  6:40  Drone  
  103  6:44  Drone x2  
  103  6:45  Drone  
  103  6:46  Drone  
  108  6:50  Overlord  
  108  6:52  Drone  
  108  6:53  Drone x2  
  111  6:55  Extractor  
  111  6:56  Extractor  
  103  7:13  Drone x2  
  103  7:14  Drone  
  103  7:15  Roach x7  
  118  7:22  Overseer  
  118  7:30  Zerg Missile Weapons Level 1  
  118  7:31  Drone  
  118  7:32  Extractor  
  118  7:33  Drone x3  
  118  7:35  Roach x3  
  127  7:51  Drone  
  127  7:52  Drone x3  
  127  7:54  Overlord x2, Extractor  
  127  7:55  Drone  
  131  8:00  Overlord x2  
  131  8:01  Roach x2  
  131  8:02  Roach  
  137  8:09  Hatchery  
  136  8:14  Roach x2  
  136  8:15  Roach x5  
  140  8:34  Drone  
  140  8:35  Hydralisk Den  
  140  8:47  Roach  
  140  8:48  Roach x12  
  166  8:54  Overlord x3  
  166  9:04  Lurker Den  
  166  9:15  Roach  
  166  9:16  Roach x10  
  188  9:28  Zerg Missile Weapons Level 2  
  188  9:30  Queen  
  186  9:38  Roach x7  
  200  9:49  Spore Crawler  
  200  9:50  Spore Crawler x2  
  200  9:52  Spore Crawler x3  
  194  9:53  Spore Crawler  
  194  9:54  Spore Crawler  
  194  9:55  Overlord  
  194  9:58  Overlord x3  
  200  10:22  Spore Crawler  
  200  10:23  Spore Crawler x3  
  200  10:24  Spore Crawler x2  
  200  10:25  Spore Crawler x2  
  200  10:26  Ravager, Spore Crawler  
  200  10:27  Ravager x8  
  200  10:28  Ravager, Spore Crawler  
  200  10:30  Spore Crawler x2  
  200  10:31  Spore Crawler  
  200  10:33  Ravager x3  
  165  11:35  Hydralisk x5  
  165  11:36  Hydralisk x2  
  165  11:38  Roach  
  165  11:39  Roach x12  
  171  12:01  Lurker x7  
Show
View Real Time Build Order
Export as new Build Order

phoenix Zerg 

Build Orders: Hatch First 

Get SALT Encoding   

  12  0:01  Drone  
  13  0:12  Overlord  
  13  0:17  Drone  
  14  0:31  Drone x2  
  14  0:34  Drone  
  17  0:45  Drone  
  18  0:55  Hatchery  
  17  0:58  Drone  
  18  1:07  Drone  
  19  1:15  Spawning Pool  
  19  1:18  Extractor  
  17  1:19  Drone  
  18  1:30  Overlord  
  18  1:43  Drone  
  19  1:58  Drone  
  20  2:02  Queen  
  20  2:03  Zergling x2  
  20  2:08  Queen  
  23  2:09  Drone  
  23  2:13  Zergling x2  
  27  2:20  Drone  
  27  2:21  Metabolic Boost  
  28  2:29  Spine Crawler  
  27  2:31  Zergling x2  
  27  2:34  Zergling x2  
  29  2:37  Queen  
  29  2:43  Overlord  
  31  2:54  Drone x4  
  35  3:08  Drone x2  
  35  3:11  Roach Warren  
  36  3:21  Drone x4  
  36  3:24  Overlord  
  40  3:35  Drone x2  
  42  3:45  Zergling x4  
  41  3:48  Hatchery  
  40  3:58  Roach x2  
  40  3:59  Roach x2  
  40  4:01  Zergling x2  
  40  4:02  Zergling x2  
  50  4:13  Overlord  
  43  4:31  Queen  
  43  4:32  Roach x3  
  43  4:33  Roach x4  
  59  4:40  Drone  
  59  4:41  Overlord  
  59  4:43  Overlord  
  60  5:05  Roach x4  
  60  5:06  Roach x2  
  72  5:22  Zergling x12  
  72  5:23  Zergling x4  
  72  5:25  Spine Crawler  
  79  5:30  Spine Crawler  
  79  5:31  Extractor  
  77  5:37  Zergling x6  
  80  5:46  Drone x2  
  80  5:48  Overlord  
  80  5:49  Overlord  
  82  6:07  Roach  
  82  6:08  Roach  
  86  6:17  Roach x4  
  86  6:18  Roach x4  
  90  6:19  Drone x2  
  73  6:35  Zergling x4  
  73  6:36  Zergling x4  
  77  6:43  Roach  
  77  6:44  Lair  
  79  6:50  Zergling x12  
  79  6:51  Zergling x2  
  86  7:03  Drone x6  
  88  7:27  Ravager x3  
  88  7:29  Extractor  
  90  7:31  Extractor  
  90  7:32  Drone x3  
  90  7:34  Drone x3  
  95  7:37  Extractor  
  95  7:39  Extractor, Drone x4  
  95  7:40  Drone  
  98  7:48  Overlord x3  
  98  7:49  Overlord x3  
  98  7:57  Glial Reconstitution  
  98  8:02  Evolution Chamber  
  98  8:03  Evolution Chamber  
  96  8:06  Drone x2  
  96  8:07  Drone x3  
  101  8:15  Roach x2  
  105  8:24  Roach x2  
  105  8:25  Roach  
  107  8:32  Roach x3  
  112  8:38  Ravager x5  
  112  8:39  Ravager  
  118  8:44  Zerg Ground Armor Level 1  
  118  8:50  Overlord  
  118  8:51  Zergling x6  
  118  8:53  Zerg Missile Weapons Level 1  
  120  9:12  Roach x6  
  120  9:13  Roach  
  120  9:14  Overseer  
  131  9:33  Roach x4  
  131  9:34  Roach x2  
  143  9:40  Roach x4  
  143  9:41  Overlord  
  151  9:58  Overlord x2, Roach  
  153  10:18  Hatchery  
  152  10:31  Roach x9  
  152  10:32  Zergling x10  
  161  11:08  Overlord x2  
  161  11:09  Overlord x2  
  140  11:29  Roach x6  
  140  11:30  Zergling x12  
  124  11:43  Zergling x2  
  124  11:44  Zergling x6  
  105  11:54  Roach x3  
  85  11:56  Zergling x2  
Tags
 
Add a new tag
Caveats
  • Supply blocks, unpowered buildings, or Contaminate may cause inaccurate times.
  • Supply counts are checked every 10 seconds.